 Dungeon Crawl Stone Soup version 0.23.2-1-ga50397a (webtiles) character file.

Game seed: 5123222346007600394

658 senseless the Chopper (level 7, -4/61 HPs)
             Began as a Hill Orc Fighter on May 23, 2019.
             Was an Initiate of Beogh.
             Slain by a polar bear (26 damage)
             ... created by the rage of Trog
             ... on level 5 of the Dungeon.
             The game lasted 00:13:47 (3389 turns).

senseless the Chopper (Hill Orc Fighter)            Turns: 3389, Time: 00:13:48

Health: -4/61      AC:  8    Str: 24    XL:     7   Next: 55%
Magic:  7/7        EV:  8    Int:  8    God:    Beogh [......]
Gold:   185        SH: 10    Dex: 12    Spells: 6/6 levels left

rFire    . . .     SeeInvis .   r - +2 hand axe (elec)
rCold    . . .     Gourm    .   c - +0 shield
rNeg     . . .     Faith    .   b - +0 scale mail
rPois    .         Spirit   .   (no helmet)
rElec    .         Reflect  .   (no cloak)
rCorr    .         Harm     .   (no gloves)
MR       .....                  m - +0 pair of boots
Stlth    ..........             (no amulet)
HPRegen  0.20/turn              (no ring)
MPRegen  0.10/turn              (no ring)

@: mighty
A: no striking features
a: Renounce Religion


You were on level 5 of the Dungeon.
You worshipped Beogh.
Beogh was noncommittal.
You were not hungry.

You visited 1 branch of the dungeon, and saw 5 of its levels.

You collected 185 gold pieces.

Inventory:

Hand Weapons
 a - a +0 war axe
 r - a +2 hand axe of electrocution (weapon)
Armour
 b - a +0 scale mail (worn)
 c - a +0 shield (worn)
 m - a +0 pair of boots (worn)
Wands
 t - a wand of flame (12)
Scrolls
 i - 3 scrolls of identify
 l - 2 scrolls of enchant weapon
 p - a scroll of magic mapping {unknown}
 q - a scroll of blinking {unknown}
 s - a scroll of amnesia {unknown}
 u - a scroll of immolation {unknown}
Potions
 d - a potion of might
 e - 5 potions of curing
 g - 2 potions of haste {unknown}
 h - a potion of cancellation {unknown}
 n - a potion of heal wounds
Comestibles
 f - 10 rations
 j - 4 chunks of flesh


   Skills:
 + Level 5.4 Fighting
 + Level 6.8 Axes
 + Level 4.9 Armour
 + Level 1.6 Dodging
 + Level 0.7 Stealth
 + Level 4.8 Shields


You had 6 spell levels left.
You didn't know any spells.
Your spell library was empty.

Dungeon Overview and Level Annotations

Branches:
Dungeon (5/15)             Temple (0/1) D:4

Altars:
Ashenzari
Dithmenos
Fedhas
Ru
Trog


Message History

You feel very mighty all of a sudden. The black bear barely misses you.
You block the black bear's attack.
The black bear claws you but does no damage.
The polar bear closely misses you. The polar bear claws you.
The polar bear closely misses you. The polar bear bites you!!
* * * LOW HITPOINT WARNING * * *
You block the polar bear's attack.
The polar bear claws you but does no damage.
The black bear barely misses you. The black bear claws you.
* * * LOW HITPOINT WARNING * * *
You block the black bear's attack.
You feel much better. The black bear closely misses you.
You block the black bear's attack.
The black bear claws you but does no damage.
You block the polar bear's attack.
The polar bear claws you but does no damage. x2
The polar bear barely misses you. The polar bear claws you.
You block the polar bear's attack. The black bear bites you.
The black bear closely misses you. x2; The polar bear bites you!!
You die...

.. .... ####...
.... ..... .....
... .... .....
.... #... ......
+.... #..##......
#.... #h#h......
#....####.@h......
#.......#h..?.....
................#.
...........#....#
...........#......
#.............#...
##............##..
.....###......# #.
.....##..#......


You could see 2 polar bears and 2 black bears.

Vanquished Creatures
  2 ogres
  A phantom (D:4)
  A centaur (D:4)
  A crimson imp (D:5)
  A hound (D:4)
  2 orc wizards
  2 worker ants (D:4)
  A hound skeleton (D:4)
  2 gnolls (D:4)
  7 adders
  A worm (D:2)
  3 leopard geckos
  7 orcs
  A ball python (D:2)
  3 giant cockroaches
  8 goblins
  6 hobgoblins
  2 jackals (D:1)
  13 kobolds
  3 quokkas
  3 bats
  4 frilled lizards
  A quokka skeleton (D:4)
  4 rats
  A bush (D:4)
80 creatures vanquished.

Vanquished Creatures (others)
  2 orc wizards (D:4)
  A giant cockroach (D:4)
3 creatures vanquished.

Grand Total: 83 creatures vanquished

Notes
Turn   | Place    | Note
-------+----------+-------------------------------------------
     0 | D:1      | senseless the Hill Orc Fighter began the quest for the Orb.
     0 | D:1      | Reached XP level 1. HP: 19/19 MP: 1/1
    94 | D:1      | Reached XP level 2. HP: 27/27 MP: 2/2
   546 | D:1      | Reached skill level 3 in Axes
   650 | D:2      | Reached XP level 3. HP: 30/33 MP: 3/3
  1163 | D:2      | Found a faded altar of an unknown god.
  1174 | D:2      | Became a worshipper of Trog the Wrathful
  1174 | D:2      | Reached * piety under Trog
  1184 | D:2      | Reached XP level 4. HP: 34/40 MP: 4/4
  1385 | D:3      | Reached skill level 4 in Axes
  1564 | D:3      | Reached XP level 5. HP: 37/47 MP: 5/5
  1593 | D:3      | Reached skill level 1 in Dodging
  2444 | D:3      | Found a shadowy altar of Dithmenos.
  2557 | D:4      | Fell from the grace of Trog
  2557 | D:4      | Became a worshipper of Beogh the Brigand
  2571 | D:4      | Reached skill level 5 in Axes
  2845 | D:4      | Reached XP level 6. HP: 39/53 MP: 6/6
  2936 | D:4      | Found a bloodstained altar of Trog.
  2936 | D:4      | Found a shattered altar of Ashenzari.
  2942 | D:4      | Found a sacrificial altar of Ru.
  3026 | D:4      | Found a blossoming altar of Fedhas.
  3066 | D:4      | Found a staircase to the Ecumenical Temple.
  3106 | D:4      | Noticed a phantom
  3124 | D:4      | Killed a phantom
  3124 | D:4      | Reached skill level 6 in Axes
  3204 | D:4      | Reached XP level 7. HP: 57/60 MP: 7/7
  3319 | D:5      | Entered Level 5 of the Dungeon
  3332 | D:4      | Reached skill level 5 in Fighting
  3386 | D:5      | Noticed a polar bear
  3386 | D:5      | Noticed a polar bear
  3389 | D:5      | Slain by a polar bear

Skill      XL: |  1  2  3  4  5  6  7 |
---------------+----------------------+-----
Fighting       | 4 5 |  5.4
Axes           | 3 4 5 6 |  6.8
Armour         | 4 |  4.9
Shields        | 4 |  4.8
Dodging        | 1 |  1.6
Stealth        | |  0.7

Action                   |  1- 3 |  4- 6 |  7- 9 || total
-------------------------+-------+-------+-------++-------
Melee: War axe           |   132 |   108 |       ||   240
       Hand axe          |       |    52 |    23 ||    75
Invok: Convert to Beogh  |       |     1 |       ||     1
Evoke: Wand              |       |       |     1 ||     1
  Use: Scroll            |       |     6 |       ||     6
       Potion            |       |       |     2 ||     2
 Stab: Confused          |       |     1 |       ||     1
  Eat: Chunk             |     1 |     3 |     1 ||     5
       Ration            |       |     1 |       ||     1
Armor: Scale mail        |    49 |    65 |    11 ||   125
Dodge: Dodged            |    52 |    47 |    20 ||   119
Block: Shield            |    86 |    72 |    18 ||   176
